 Dungeon Crawl Stone Soup version 0.31-a0-256-g80acddb972 (webtiles) character file.

Game seed: 2221701386322165150

228 Morbidden the Changeling (level 6, -1/75 HPs)
             Began as a Gnoll Shapeshifter on July 13, 2023.
             Slain by Edmund
             ... wielding a +2 dire flail of holy wrath
              (2 damage)
             ... on level 4 of the Dungeon.
             The game lasted 00:02:29 (2587 turns).

Morbidden the Changeling (Gnoll Shapeshifter)       Turns: 2587, Time: 00:02:30

Health: -1/75      AC: 23    Str: 14 (16) XL:     6   Next: 2%
Magic:  8/8        EV:  2    Int:  6 (7)  God:
Gold:   148        SH:  0    Dex: 11 (13) Spells: 8/8 levels left

rFire   . .          .
                       - Unarmed
rCold   . . .        (no shield)
rNeg    . . .        o - melded +0 plate armour
rPois   +            (helmet currently unavailable)
rElec   .            (cloak currently unavailable)
rCorr   .            (gloves currently unavailable)
SInv    .            (boots currently unavailable)
Will    .....        (no amulet)
Stlth   ++           (no ring)
HPRegen 0.32/turn    (no ring)
MPRegen 0.11/turn

%: no passive effects
@: tree-form, invisible
A: stationary, stasis, torment immunity, boosted hp, (fangs 1), strong nose,
distributed training
a: no special abilities


You were on level 4 of the Dungeon.
You were a tree.
You visited 1 branch of the dungeon, and saw 4 of its levels.

You collected 148 gold pieces.

Inventory:

Missiles
 h - 38 stones (quivered)
Armour
 o - a +0 plate armour (melded)
Talismans
 c - a beast talisman
Wands
 q - a wand of paralysis (8)
Scrolls
 a - 2 scrolls of enchant weapon {unknown}
 d - 2 scrolls of poison {unknown}
 e - 2 scrolls of teleportation {unknown}
 f - a scroll of blinking {unknown}
 g - 2 scrolls of identify {unknown}
 i - a scroll of immolation {unknown}
 n - a scroll of torment {unknown}
 r - a scroll of fog {unknown}
Potions
 k - a potion of degeneration
 p - a potion of attraction {unknown}


   Skills:
 + Level 4.9 Fighting
 + Level 1.8 Short Blades
 + Level 1.8 Long Blades
 + Level 1.8 Axes
 + Level 1.8 Maces & Flails
 + Level 1.8 Polearms
 + Level 1.8 Staves
 + Level 1.8 Ranged Weapons
 + Level 1.8 Throwing
 + Level 1.8 Armour
 + Level 4.9 Dodging
 + Level 1.8 Stealth
 + Level 1.8 Shields
 + Level 4.9 Unarmed Combat
 + Level 1.8 Spellcasting
 + Level 1.4 Conjurations
 + Level 1.4 Hexes
 + Level 1.4 Summonings
 + Level 1.4 Necromancy
 + Level 1.4 Translocations
 + Level 1.4 Transmutations
 + Level 1.4 Fire Magic
 + Level 1.4 Ice Magic
 + Level 1.4 Air Magic
 + Level 1.4 Earth Magic
 + Level 1.4 Poison Magic
 + Level 2.0 Invocations
 + Level 1.8 Evocations
 + Level 6.6 Shapeshifting


You had 8 spell levels left.
You didn't know any spells.
Your spell library was empty.

Dungeon Overview and Level Annotations

Branches:
Dungeon (4/15)
 Temple: D:4-7

Altars:
Hepliaklqana

Annotations:
D:4 Edmund


Innate Abilities, Weirdness & Mutations

You are a tree.
Your roots penetrate the ground, keeping you stationary.
You cannot be teleported.
You are immune to unholy pain and torment.
Your maximum health is greatly increased.
Your equipment is partially melded.
((You have very sharp teeth.))
Your uncanny sense of smell can sniff out nearby items.
Your experience applies equally to all skills.


Message History

Something hits you but does no damage.
Unknown command.
You smack the orc priest!
You kill the orc priest!
Edmund hits you but does no damage. Something hits you but does no damage.
The orc barely misses you. Something hits you but does no damage.
You feel your intelligence returning.
Your Invocations skill increases to level 2!
You have reached level 6!
Unknown command.
You hit Edmund.
Edmund is heavily wounded.
Something hits you but does no damage. The orc hits you but does no damage.
Something hits you but does no damage. The orc hits you with a +0 club.
* * * LOW HITPOINT WARNING * * *
Edmund hits you but does no damage.
Unknown command.
Unknown command.
You hit Edmund but do no damage.
Edmund is heavily wounded.
Something hits you but does no damage. The orc hits you but does no damage.
Something hits you.
* * * LOW HITPOINT WARNING * * *
The orc hits you but does no damage. Edmund hits you but does no damage.
Unknown command.
You smack Edmund!
Edmund is severely wounded.
Something hits you but does no damage. The orc hits you but does no damage.
Something hits you but does no damage. The orc hits you but does no damage.
Edmund hits you but does no damage.
Unknown command.
Okay, then.
It was a potion of invisibility.
You fade into invisibility!
Something hits you but does no damage. The orc hits you but does no damage.
Something hits you.
* * * LOW HITPOINT WARNING * * *
The orc hits you but does no damage.
Edmund hits you with a +2 dire flail of holy wrath.
You die...

..........#
.#........# #.....#
..........# #$....#
#.........# #.....#
#.........# #.....#
..........#
#.....###o#
...#.##+###
#.#oo... .#....#.#
#.oo@# .###..#.#
#.{♣{# .# #..#.#
####†...# .#
#..#.###.......#
####..#.##..##.#..#
...#...>...###.#..#
.#.#.####### #.#..#
<#.#.# #.#..#
##.#.# #.#... ∆
...#. #.. #<


You could see Edmund (unable to see you) and 4 orcs.

Vanquished Creatures
  A bullfrog (D:4)
  2 orc priests (D:4)
  5 adders
  A worm (D:2)
  3 dart slugs
  3 endoplasms
  2 giant cockroaches (D:2)
  2 hobgoblins
  4 jackals (D:2)
  3 quokkas
  8 ball pythons
  3 bats
  6 frilled lizards
  6 goblins
  A kobold (D:1)
  4 rats
54 creatures vanquished.

Notes
Turn   | Place    | Note
-------+----------+-------------------------------------------
     0 | D:1      | Morbidden the Gnoll Shapeshifter began the quest for the
                  | Orb.
     0 | D:1      | Reached XP level 1. HP: 20/20 MP: 1/1
   261 | D:1      | Reached XP level 2. HP: 26/26 MP: 2/2
   849 | D:2      | Reached XP level 3. HP: 31/31 MP: 3/3
   862 | D:2      | Reached skill level 1 in Invocations
  1015 | D:2      | Reached skill level 1 in Short Blades
  1015 | D:2      | Reached skill level 1 in Long Blades
  1015 | D:2      | Reached skill level 1 in Axes
  1015 | D:2      | Reached skill level 1 in Maces & Flails
  1015 | D:2      | Reached skill level 1 in Polearms
  1015 | D:2      | Reached skill level 1 in Staves
  1015 | D:2      | Reached skill level 1 in Ranged Weapons
  1015 | D:2      | Reached skill level 1 in Throwing
  1015 | D:2      | Reached skill level 1 in Armour
  1015 | D:2      | Reached skill level 1 in Stealth
  1015 | D:2      | Reached skill level 1 in Shields
  1015 | D:2      | Reached skill level 1 in Spellcasting
  1015 | D:2      | Reached skill level 1 in Evocations
  1232 | D:2      | Found a hazy altar of Hepliaklqana.
  1239 | D:2      | Reached XP level 4. HP: 35/38 MP: 5/5
  1370 | D:2      | Reached skill level 1 in Conjurations
  1370 | D:2      | Reached skill level 1 in Hexes
  1370 | D:2      | Reached skill level 1 in Summonings
  1370 | D:2      | Reached skill level 1 in Necromancy
  1370 | D:2      | Reached skill level 1 in Translocations
  1370 | D:2      | Reached skill level 1 in Transmutations
  1370 | D:2      | Reached skill level 1 in Fire Magic
  1370 | D:2      | Reached skill level 1 in Ice Magic
  1370 | D:2      | Reached skill level 1 in Air Magic
  1370 | D:2      | Reached skill level 1 in Earth Magic
  1370 | D:2      | Reached skill level 1 in Poison Magic
  2541 | D:4      | Noticed a bullfrog
  2546 | D:4      | Killed a bullfrog
  2547 | D:4      | Reached XP level 5. HP: 33/43 MP: 5/7
  2549 | D:4      | Noticed Edmund
  2582 | D:4      | HP: 3/64 [orc priest/divine providence (11)]
  2584 | D:4      | Reached XP level 6. HP: 4/50 MP: 8/8
  2587 | D:4      | HP: 1/75 [something (1)]
  2587 | D:4      | Slain by Edmund

Illustrated notes

Levels and vault maps discovered:
D:1:      evilmike_arrival_hilbert_curve, layout_basic,
          dreamdust_mushroom_princess, minmay_tetromino_l2
D:2:      layout_basic, basic_altar, kennysheep_generic_room_2
D:3:      layout_basic, chequers_big_river
D:4:      layout_basic, gammafunk_temple_overflow_statue, temple_statues,
          serial_shops, shop_fountains, uniq_edmund, uniq_pikel

Skill      XL: |  1  2  3  4  5 |
---------------+----------------+-----
Invocations    | 1 2 |  2.0
Short Blades   | 1 |  1.8
Long Blades    | 1 |  1.8
Axes           | 1 |  1.8
Maces & Flails | 1 |  1.8
Polearms       | 1 |  1.8
Staves         | 1 |  1.8
Ranged Weapons | 1 |  1.8
Throwing       | 1 |  1.8
Armour         | 1 |  1.8
Stealth        | 1 |  1.8
Shields        | 1 |  1.8
Spellcasting   | 1 |  1.8
Evocations     | 1 |  1.8
Conjurations   | 1 |  1.4
Hexes          | 1 |  1.4
Summonings     | 1 |  1.4
Necromancy     | 1 |  1.4
Translocations | 1 |  1.4
Transmutations | 1 |  1.4
Fire Magic     | 1 |  1.4
Ice Magic      | 1 |  1.4
Air Magic      | 1 |  1.4
Earth Magic    | 1 |  1.4
Poison Magic   | 1 |  1.4
Fighting       | |  4.9
Dodging        | |  4.9
Unarmed Combat | |  4.9
Shapeshifting  | |  6.6

Action                     |  1- 3 |  4- 6 || total
---------------------------+-------+-------++-------
  Melee: Unarmed           |    95 |    59 ||   154
         Bite              |    12 |     5 ||    17
         Punch             |     2 |     1 ||     3
    Use: Potion            |       |     8 ||     8
 Armour: Animal skin       |     7 |       ||     7
         Plate armour      |    15 |    20 ||    35
         Skin              |       |    90 ||    90
  Dodge: Dodged            |    39 |    14 ||    53

Table legend: (Time is in decaauts)
 A = Elapsed time spent in this place.
 B = Non-inter-level travel time spent in this place.
 C = Inter-level travel time spent in this place.
 D = Time resting spent in this place.
 E = Time spent auto-exploring this place.
 F = Levels seen in this place.
 G = Mean time per level.
                   A        B        C        D        E       F      G
               +--------+--------+--------+--------+--------+-----+--------+
         Total |   2582 |   2498 |     84 |    162 |   1991 |   4 |  645.5 |
       Dungeon |   2582 |   2498 |     84 |    162 |   1991 |   4 |  645.5 |
               +--------+--------+--------+--------+--------+-----+--------+

Top non-repeatable levels by time:
     D:3: 910 daAuts
     D:2: 827 daAuts
     D:1: 761 daAuts
     D:4: 82 daAuts
